 Dungeon Crawl Stone Soup version 0.31-a0-1610-g9787180647 (webtiles) character file.

Game seed: 8903967649905667015

12212 Darkgod20 the Cleaver (level 11, -2/101 HPs)
             Began as a Minotaur Gladiator on Jan 5, 2024.
             Was a Follower of Yredelemnul.
             Slain by a six-headed hydra (11 damage)
             ... on level 3 of the Lair of Beasts on Jan 9, 2024.
             The game lasted 00:57:33 (7691 turns).

Darkgod20 the Cleaver (Minotaur Gladiator)          Turns: 7691, Time: 00:57:35

Health: -2/101     AC: 19    Str: 30    XL:     11   Next: 59%
Magic:  10/10      EV:  9    Int:  5    God:    Yredelemnul [*.....]
Gold:   236        SH:  0    Dex: 11    Spells: 10/10 levels left

rFire   + . .        F - +3 battleaxe (heavy)
rCold   x . .        (shield currently unavailable)
rNeg    . . .        u - +1 plate armour
rPois   .            c - +0 hat
rElec   .            q - +0 cloak
rCorr   .            o - +0 pair of gloves
SInv    .            (no boots)
Will    .....        (no amulet) Stlth
                     K - +6 ring of strength
HPRegen 0.36/turn    E - ring of fire
MPRegen 0.12/turn

%: no passive effects
@: invisible
A: horns 2, retaliatory headbutt
a: Renounce Religion, Recall Undead Harvest


You were on level 3 of the Lair of Beasts.
You worshipped Yredelemnul.
Yredelemnul was noncommittal.
You visited 3 branches of the dungeon, and saw 13 of its levels.
You also visited: Bailey.

You collected 460 gold pieces.
You spent 224 gold pieces at shops.

Inventory:

Hand Weapons
 a - a +1 war axe
 e - a +0 heavy spear
 g - a +0 hand axe
 A - the +2 spear of Vauruuk {protect, Will+}
   (You found it on level 7 of the Dungeon)

   Will+:     It increases your willpower.
 F - a +3 heavy battleaxe (weapon)
Missiles
 d - 2 throwing nets
 i - a javelin
 l - 3 boomerangs
 y - 2 poisoned darts
Armour
 b - a +0 leather armour
 c - a +0 hat (worn)
 h - a +2 chain mail
 m - the +4 ring mail of the Forest {rElec rF++ MP+9 Int-5}
   (You found it on level 2 of the Dungeon)

   Int-5:     It affects your intelligence (-5).
   rF++:      It greatly protects you from fire.
   rElec:     It insulates you from electricity.
   MP+9:      It affects your magic capacity (+9).
 o - a +0 pair of gloves (worn)
 p - a +0 helmet
 q - a +0 cloak (worn)
 t - a +3 leather armour of fire resistance
 u - a +1 plate armour (worn)
Magical Staves
 M - a staff of conjuration
Jewellery
 z - an amulet of magic regeneration
 E - a ring of fire (right hand)
 K - a +6 ring of strength (left hand)
Wands
 n - a wand of charming (14)
 x - a wand of flame (7)
 D - a wand of polymorph (8)
Scrolls
 k - 2 scrolls of identify
 B - a scroll of blinking
 C - a scroll of enchant armour
 I - a scroll of vulnerability
 J - a scroll of brand weapon
 L - a scroll of torment {unknown}
Potions
 f - 3 potions of magic
 j - a potion of attraction
 w - 2 potions of haste
 G - 2 potions of berserk rage
 H - a potion of enlightenment


   Skills:
 + Level 10.4 Fighting
 + Level 14.6 Axes
 + Level 4.9 Throwing
 + Level 11.2 Armour
 + Level 4.5 Dodging
 + Level 2.3 Stealth
 + Level 1.5 Evocations


You had 10 spell levels left.
You didn't know any spells.
Your spell library contained the following spells:

 Spells                   Type           Power      Damage    Failure   Level
 Foxfire                  Conj/Fire      0%         2x1d4     98%         1
 Magic Dart               Conj           0%         1d3       98%         1
 Cigotuvi's Dreadful Rot  Necr/Alch/Air  0%         N/A       99%         2
 Jinxbite                 Hex            0%         N/A       99%         2
 Searing Ray              Conj           0%         2d4       99%         2
 Static Discharge         Conj/Air       0%         3-3/arc   99%         2
 Tukima's Dance           Hex            0%         N/A       100%        3
 Airstrike                Air            0%         2d(0-16)  100%        4
 Dimensional Bullseye     Hex/Tloc       0%         N/A       100%        4
 Dispel Undead            Necr           0%         3d6       100%        4
 Fulminant Prism          Conj/Alch      0%         3d5       100%        4
 Iskenderun's Mystic Bla  Conj/Tloc      0%         2d3       100%        4
 Martyr's Knell           Necr/Summ      0%         N/A       100%        4
 Summon Lightning Spire   Summ/Air       0%         N/A       100%        4
 Yara's Violent Unravell  Hex/Alch       0%         3d3       100%        5
 Plasma Beam              Fire/Air       0%         2x1d10    100%        6
 Starburst                Conj/Fire      0%         6d3       100%        6
 Enfeeble                 Hex            0%         N/A       100%        7
 Death Channel            Necr           Unusable   N/A       N/A         6

Dungeon Overview and Level Annotations

Branches:
Dungeon (9/15)             Temple (1/1) D:6            Lair (3/5) D:9
 Bailey (visited)
  Swamp: Lair:2-3    Shoals: Lair:2-3     Snake: Lair:2-3    Spider: Lair:2-3
    Orc: D:9-12

Altars:
Ashenzari
Cheibriados
Dithmenos
Elyvilon
Fedhas
Gozag
Hepliaklqana
Kikubaaqudgha
Makhleb
Nemelex Xobeh
Okawaru
Qazlal
Ru
Trog
Uskayaw
Vehumet
Wu Jian
Xom
Yredelemnul
Zin
The Shining One

Shops:
D:8 **(?!


Innate Abilities, Weirdness & Mutations

You have a pair of horns on your head.
You reflexively headbutt those who attack you in melee.


Message History

You fade into invisibility!
Your wyvern zombie closely misses the five-headed hydra.
Your komodo dragon zombie barely misses the blink frog.
Your wyvern zombie barely misses the five-headed hydra.
The five-headed hydra bites you but does no damage. x2
The five-headed hydra bites you!
* * * LOW HITPOINT WARNING * * *
The five-headed hydra bites you.
* * * LOW HITPOINT WARNING * * *
The five-headed hydra barely misses you.
You closely miss the five-headed hydra.
The five-headed hydra is lightly wounded.
You feel less invigorated.
You feel less confused. The blink frog hits your wyvern zombie!
The blink frog hits your komodo dragon zombie!
The blink frog blinks!
Your wyvern zombie bites the blink frog!
The blink frog dies!
The five-headed hydra bites you but does no damage.
The five-headed hydra barely misses you. x2
The five-headed hydra bites you!
* * * LOW HITPOINT WARNING * * *
The five-headed hydra bites you but does no damage.
Your wyvern zombie bites the five-headed hydra!
You closely miss the blink frog.
The blink frog is severely wounded.
You slice one of the five-headed hydra's heads off!
The four-headed hydra grows two more!
You slash the six-headed hydra! The blink frog misses you.
You furiously retaliate!
You headbutt the blink frog!
You kill the blink frog!
The dead are hopping!
The six-headed hydra completely misses you.
The six-headed hydra bites you but does no damage. x2
The six-headed hydra bites you.
* * * LOW HITPOINT WARNING * * *
The six-headed hydra bites you!
You die...
Your body rises from the dead as a mindless zombie.

..........P.....
................## .###...
#.........P....... .......
..........#...... .......
...............# .).....
..........P...## .....P#
...P..........P####.......
......#........#.#......#
..............Z.@DZ.....+
.................Z.§F.....
..............#######...P.
.............## ..#.
............## .~.
...........# ..
...........# .
............


You could see a six-headed hydra (unable to see you, ally target), a blink frog
(unable to see you), a friendly komodo dragon zombie, a friendly blink frog
zombie and a friendly wyvern zombie.

Vanquished Creatures
  Pikel (D:4)
  5 cane toads
  A komodo dragon (Lair:3)
  2 rime drakes (Lair:2)
  The ghost of Flugslaktarn the Trooper, an amateur MiFi of Okawaru (D:5)
  Grinder (D:3)
  4 blink frogs
  4 wyverns
  Eustachio (D:4)
  14 yaks
  Edmund (D:6)
  Duvessa (D:5)
  4 water moccasins
  3 orc warriors
  An ice beast (D:7)
  3 black bears
  An ogre (D:6)
  3 centaurs
  2 lemures (D:4)
  2 kobold brigands
  3 bullfrogs
  A scorpion (D:4)
  Dowan (D:5)
  4 wights (D:8)
  A howler monkey (D:6)
  A hound (D:5)
  A bombardier beetle (D:6)
  2 jellies
  3 orc priests
  Jessica (D:3)
  Ijyb (D:4)
  3 iguanas (D:5)
  6 orc wizards
  Robin (D:3)
  5 adders
  2 shadow imps (D:6)
  2 ufetubi (D:6)
  2 dart slugs
  32 orcs
  4 ball pythons
  4 bats
  3 endoplasms
  3 giant cockroaches
  11 goblins
  8 hobgoblins
  9 jackals
  A quokka (D:2)
  13 kobolds
  6 rats
189 creatures vanquished.

Vanquished Creatures (collateral kills)
  A cane toad (Lair:1)
  A komodo dragon (Lair:1)
  3 blink frogs
  4 yaks
  A basilisk (Lair:1)
  A steam dragon (D:8)
  3 water moccasins
  An orc warrior (D:8)
  A sky beast (D:8)
  2 bullfrogs
  A wight (D:8)
  A howler monkey (D:6)
  A hound (D:7)
  An iguana (D:7)
  A sleepcap (D:4)
  2 orc wizards
  2 adders
  14 orcs
  3 goblins
  A jackal (D:3)
  A bat (D:3)
  A kobold (D:8)
  A rat (D:3)
48 creatures vanquished.

Vanquished Creatures (others)
  A wyvern zombie (D:6)
  A water moccasin zombie (Lair:2)
  A yak zombie (D:8)
  A bullfrog zombie (Lair:3)
  A centaur zombie (D:5)
  A scorpion zombie (D:4)
  An ogre zombie (D:6)
  A steam dragon zombie (D:8)
  An adder zombie (D:5)
  An iguana zombie (D:5)
  A spectral shadow imp (D:6)
  A bat zombie (D:2)
  3 goblin zombies (D:3)
  3 hobgoblin zombies
  A human zombie (D:3)
  3 jackal zombies (D:3)
  4 kobold zombies
  32 orc zombies
  2 rat zombies (D:3)
60 creatures vanquished.

Grand Total: 297 creatures vanquished

Notes
Turn   | Place    | Note
-------+----------+-------------------------------------------
     0 | D:1      | Darkgod20 the Minotaur Gladiator began the quest for the
                  | Orb.
     0 | D:1      | Reached XP level 1. HP: 18/18 MP: 0/0
    45 | D:1      | Reached XP level 2. HP: 18/25 MP: 1/1
   448 | D:1      | Reached XP level 3. HP: 30/30 MP: 2/2
   449 | D:1      | Reached skill level 4 in Axes
   518 | D:2      | Reached skill level 1 in Armour
   642 | D:2      | Found a faded altar of an unknown god.
   660 | D:2      | Prayed at the altar of an unknown god.
   660 | D:2      | Became a worshipper of Yredelemnul the Dark
   660 | D:2      | Reached * piety under Yredelemnul
   661 | D:2      | Upgraded the game from 0.31-a0-1589-g8f5e8aebd6 to
                  | 0.31-a0-1610-g9787180647
   723 | D:2      | Identified the +4 ring mail of the Forest {rElec rF++ MP+9
                  | Int-5}
   746 | D:2      | Lost intelligence.
  1063 | D:3      | Reached XP level 4. HP: 33/38 MP: 3/3
  1183 | D:3      | Noticed Jessica
  1209 | D:3      | Killed Jessica
  1357 | D:3      | Noticed Robin
  1358 | D:3      | Noticed Grinder
  1372 | D:3      | Your ally Jessica died
  1374 | D:3      | Reached XP level 5. HP: 39/45 MP: 4/4
  1546 | D:3      | Killed Robin
  1554 | D:3      | Killed Grinder
  1555 | D:3      | Reached skill level 5 in Axes
  1555 | D:3      | Reached XP level 6. HP: 42/52 MP: 5/5
  1762 | D:4      | Noticed Pikel
  2099 | D:4      | Found a sparkling altar of Nemelex Xobeh.
  2099 | D:4      | Found an opulent altar of Gozag.
  2166 | D:4      | Reached skill level 6 in Axes
  2174 | D:4      | Reached XP level 7. HP: 42/60 MP: 6/6
  2340 | D:4      | Noticed Ijyb
  2367 | D:4      | Killed Ijyb
  2416 | D:4      | Reached skill level 7 in Axes
  2458 | D:4      | Killed Pikel
  2459 | D:4      | Reached skill level 5 in Fighting
  2459 | D:4      | Reached skill level 8 in Axes
  2459 | D:4      | Reached skill level 5 in Armour
  2459 | D:4      | Reached XP level 8. HP: 9/68 MP: 7/7
  2675 | D:4      | Noticed Eustachio
  2692 | D:4      | Killed Eustachio
  2809 | D:4      | Reached skill level 1 in Stealth
  2836 | D:4      | Reached ** piety under Yredelemnul
  3016 | D:5      | Entered Level 5 of the Dungeon
  3018 | D:5      | Reached skill level 9 in Axes
  3079 | D:5      | Noticed Dowan
  3080 | D:5      | Noticed Duvessa
  3095 | D:5      | Killed Dowan
  3095 | D:5      | Killed Duvessa
  3325 | D:5      | Found a runed translucent door.
  3325 | D:5      | Noticed Flugslaktarn's ghost (amateur MiFi)
  3364 | D:5      | Killed Flugslaktarn's ghost
  3365 | D:5      | Reached skill level 10 in Axes
  3365 | D:5      | Reached XP level 9. HP: 69/78 MP: 8/8
  3718 | D:5      | Reached skill level 11 in Axes
  3970 | D:6      | Noticed Edmund
  3982 | D:6      | Killed Edmund
  3983 | D:6      | Reached skill level 12 in Axes
  3996 | D:6      | Found a staircase to the Ecumenical Temple.
  4035 | Temple   | Entered the Ecumenical Temple
  4639 | D:7      | Found a flagged portal.
  4644 | D:7      | Reached XP level 10. HP: 88/88 MP: 9/9
  4676 | D:7      | Identified the +2 spear of Vauruuk {protect, Will+}
  4697 | Bailey   | Entered a bailey
  5036 | D:7      | Found a stormy altar of Qazlal.
  5368 | D:8      | Found Xahygh's Magic Scroll Emporium.
  5385 | D:8      | Reached *** piety under Yredelemnul
  5398 | D:8      | Reached **** piety under Yredelemnul
  5414 | D:8      | Reached skill level 13 in Axes
  5457 | D:8      | Found Daonwoy's Distillery.
  5468 | D:8      | Bought 2 potions of ambrosia for 224 gold pieces
  5713 | D:8      | Identified the +0 robe of Finuh {Harm rElec rC+ Will-}
  5756 | D:8      | Found Qyv Qois's General Store.
  5791 | D:8      | Reached ***** piety under Yredelemnul
  5865 | D:8      | Found Soadierr's Assorted Antiques.
  5978 | D:8      | Found Kunidiso's Weapon Shop.
  6112 | D:9      | Found a broken altar of Ashenzari.
  6113 | D:9      | Found a sacrificial altar of Ru.
  6185 | D:9      | Found a staircase to the Lair.
  6196 | Lair:1   | Entered Level 1 of the Lair of Beasts
  6247 | Lair:1   | Noticed a cane toad
  6255 | Lair:1   | Killed a cane toad
  6302 | Lair:1   | Noticed a cane toad
  6307 | Lair:1   | Killed a cane toad
  6604 | Lair:1   | Noticed a cane toad
  6611 | Lair:1   | Killed a cane toad
  6612 | Lair:1   | Reached XP level 11. HP: 58/99 MP: 10/10
  6998 | Lair:2   | Reached skill level 10 in Fighting
  6998 | Lair:2   | Reached skill level 14 in Axes
  6998 | Lair:2   | Reached skill level 1 in Evocations
  7087 | Lair:2   | Reached skill level 10 in Armour
  7678 | Lair:3   | Noticed a five-headed hydra
  7691 | Lair:3   | Slain by a six-headed hydra

Illustrated notes

Levels and vault maps discovered:
D:1:      ebering_trefoil_3fold, layout_rooms, chequers_mini_garden,
          hex_intersection, palyth_stone_intersect
D:2:      layout_rooms, shapermc_ecumenical_altar_notcrosses, grunt_ministairs_1
D:3:      layout_basic, uniq_jessica, uniq_robin, uniq_grinder
D:4:      layout_basic, grunt_temple_overflow_opulence,
          nicolae_kite_square_tiling_tiny, kennysheep_diamond, uniq_pikel,
          uniq_ijyb, uniq_eustachio
D:5:      minmay_chambers_of_threes, layout_basic,
          hellmonk_ghost_happy_afterlife, uniq_duvessa
D:6:      layout_loops_cross, minmay_temple_entry_ruins, uniq_edmund
D:7:      layout_rooms, lemuel_crystal_altar, mainiacjoe_overflow_24_doors,
          enter_bailey_2, serial_shops, nicolae_shop_back_alley_shop
D:8:      layout_basic, serial_shops, shop, shop, nicolae_square_shop,
          nicolae_shop_just_a_little_nook, shop, skrybe_limestone_x,
          chequers_serial_rivers_marsh
D:9:      layout_cave_pools, amethyst_overflow_temple_binary, lair_entry_dummy
Temple:   lightli_temple_of_artemis
Lair:1:   layout_hall_layers, hibernation_bobbens
Lair:2:   layout_gridlike, forest_entry_grove
Lair:3:   minmay_lair_oklob_chamber, layout_chaotic_city,
          alex1729_swamp_entry_worm_eleionoma, dummy_snake_entry,
          chequers_serial_rivers_large_a, serial_bayou_shore_a

Skill      XL: |  1  2  3  4  5  6  7  8  9 10 11 |
---------------+----------------------------------+-----
Axes           | 4 5 6 8 10 12 13 14 | 14.6
Fighting       | 3 4 5 6 8 9 10 | 10.4
Armour         | 1 2 3 4 5 6 8 9 11 | 11.2
Throwing       | 3 4 |  4.9
Dodging        | 4 |  4.5
Stealth        | 1 2 |  2.3
Evocations     | 1 |  1.5

Action                     |  1- 3 |  4- 6 |  7- 9 | 10-12 || total
---------------------------+-------+-------+-------+-------++-------
  Melee: War axe           |    55 |    66 |   188 |   108 ||   417
         Headbutt          |     5 |     8 |    35 |    39 ||    87
         Punch             |       |       |     3 |     1 ||     4
         Battleaxe         |       |       |       |    72 ||    72
  Throw: Throwing net      |     3 |       |       |       ||     3
         Javelin           |     9 |       |       |       ||     9
         Boomerang         |     4 |     7 |    13 |     7 ||    31
         Dart              |       |       |     2 |     1 ||     3
  Evoke: Wand              |       |       |       |    10 ||    10
    Use: Scroll            |     4 |     3 |     5 |     8 ||    20
         Potion            |     3 |       |     3 |     3 ||     9
   Stab: Distracted        |       |       |     2 |     3 ||     5
 Armour: Leather armour    |    22 |       |       |       ||    22
         Chain mail        |    52 |    85 |    70 |       ||   207
         Plate armour      |       |       |   134 |   256 ||   390
  Dodge: Dodged            |    59 |    39 |    97 |   120 ||   315

Table legend: (Time is in decaauts)
 A = Elapsed time spent in this place.
 B = Non-inter-level travel time spent in this place.
 C = Inter-level travel time spent in this place.
 D = Time resting spent in this place.
 E = Time spent auto-exploring this place.
 F = Levels seen in this place.
 G = Mean time per level.
                   A        B        C        D        E       F      G
               +--------+--------+--------+--------+--------+-----+--------+
         Total |   7796 |   7794 |      2 |      0 |     13 |  14 |  556.9 |
       Dungeon |   6004 |   6002 |      2 |      0 |     13 |   9 |  667.1 |
        Temple |     77 |     77 |      0 |      0 |      0 |   1 |   77.0 |
          Lair |   1530 |   1530 |      0 |      0 |      0 |   3 |  510.0 |
        Bailey |    184 |    184 |      0 |      0 |      0 |   1 |  184.0 |
               +--------+--------+--------+--------+--------+-----+--------+

Top non-repeatable levels by time:
     D:4: 1239 daAuts
     D:8: 989 daAuts
  Lair:1: 783 daAuts
     D:5: 758 daAuts
     D:3: 702 daAuts
     D:2: 682 daAuts
  Lair:2: 679 daAuts
     D:1: 513 daAuts
     D:7: 507 daAuts
     D:6: 507 daAuts
  Bailey: 184 daAuts
     D:9: 103 daAuts
  Temple: 77 daAuts
  Lair:3: 67 daAuts
